Map: [ESL] Post-Youth

Players

Reynor

  • Race: Zerg Zerg
  • Spawn Location: 7:00

Clem - Winner!

  • Race: Terran Terran
  • Spawn Location: 1:00

Event: ESL SC2 Masters 2024 Spring (Regional)

VOD

Have the link to the VOD?

Description

Time

  • Played on: May 4, 2024, 10:43 a.m.
  • Length: 18:59

All games in this series

Show
View Real Time Build Order
Export as new Build Order

Reynor Zerg 

Build Orders: Hatch First 

Get SALT Encoding   

  12  0:00  Drone  
  13  0:12  Overlord  
  13  0:17  Drone  
  14  0:31  Drone x2  
  16  0:50  Hatchery  
  16  0:52  Drone  
  16  0:56  Drone  
  17  0:59  Drone  
  18  1:10  Extractor  
  17  1:15  Spawning Pool  
  16  1:18  Drone  
  16  1:21  Drone  
  18  1:28  Drone  
  19  1:39  Drone  
  20  1:51  Drone  
  21  2:00  Overlord  
  21  2:02  Queen x2  
  21  2:03  Zergling x2  
  26  2:11  Zergling x2  
  26  2:12  Metabolic Boost  
  26  2:15  Drone  
  28  2:23  Zergling x2  
  28  2:24  Spore Crawler  
  28  2:25  Drone  
  28  2:33  Spore Crawler  
  28  2:34  Drone  
  30  2:41  Queen x2  
  34  2:47  Overlord  
  34  2:48  Drone  
  35  2:51  Drone  
  36  3:04  Evolution Chamber  
  36  3:05  Drone x3  
  38  3:07  Drone  
  39  3:24  Overlord  
  39  3:26  Drone x4  
  42  3:32  Zerg Ground Armor Level 1  
  42  3:37  Hatchery  
  42  3:39  Drone  
  42  3:43  Evolution Chamber  
  42  3:44  Drone  
  42  3:49  Queen  
  42  3:52  Drone  
  42  3:53  Drone  
  46  3:56  Drone x2  
  46  4:01  Overlord  
  48  4:04  Zergling x4  
  48  4:05  Zergling x2  
  48  4:08  Overlord  
  51  4:14  Overlord  
  51  4:18  Overlord  
  51  4:19  Zerg Melee Weapons Level 1  
  51  4:23  Drone x2  
  53  4:25  Queen  
  53  4:27  Drone  
  53  4:30  Drone  
  57  4:34  Queen  
  57  4:36  Drone x2  
  61  4:40  Zergling x4  
  61  4:42  Drone  
  64  4:46  Drone x3  
  64  4:50  Spore Crawler  
  66  4:53  Queen  
  66  4:55  Drone  
  69  5:01  Zergling x6  
  69  5:06  Lair  
  72  5:08  Drone x3  
  72  5:10  Drone x2  
  72  5:13  Drone x2  
  79  5:15  Overlord  
  79  5:17  Drone  
  79  5:21  Overlord  
  80  5:22  Drone x3  
  80  5:26  Baneling Nest  
  80  5:28  Spore Crawler  
  81  5:31  Spore Crawler  
  81  5:33  Zergling x4  
  81  5:34  Zergling x4  
  81  5:35  Zergling x2  
  85  5:36  Zergling x2  
  85  5:39  Overlord  
  85  5:42  Zergling x2  
  87  5:44  Zergling x2  
  87  5:46  Queen  
  90  5:52  Zergling x4  
  90  5:53  Queen  
  90  5:56  Zergling x6  
  93  6:00  Zergling x6  
  93  6:02  Zergling x2  
  95  6:04  Overseer  
  90  6:19  Zerg Ground Armor Level 2  
  90  6:20  Drone x3  
  90  6:21  Drone x3, Hatchery  
  90  6:23  Overlord  
  90  6:25  Drone x2  
  95  6:26  Drone  
  95  6:30  Extractor  
  95  6:31  Extractor  
  94  6:32  Extractor  
  94  6:34  Zergling x2  
  94  6:39  Zergling x4  
  97  6:40  Zergling x2  
  96  6:50  Zergling x6  
  96  6:51  Zergling x6  
  96  6:52  Centrifugal Hooks  
  96  6:53  Drone x3  
  105  6:59  Overlord  
  105  7:02  Zergling x8  
  105  7:04  Drone  
  105  7:08  Hatchery  
  109  7:09  Overlord  
  109  7:12  Zergling x2, Spore Crawler  
  109  7:16  Zergling x2  
  109  7:19  Zergling x10  
  113  7:29  Zergling x8  
  108  7:36  Zergling x8  
  112  7:45  Zergling x10  
  112  7:47  Overlord, Hatchery  
  112  7:48  Zergling x4  
  112  7:49  Zergling x8  
  120  7:52  Zergling x2, Infestation Pit  
  120  7:54  Zergling x2  
  122  7:58  Zergling x2  
  122  8:02  Baneling x14  
  122  8:06  Zergling x6  
  122  8:09  Queen  
  122  8:11  Overlord  
  127  8:16  Zergling x2  
  127  8:17  Zergling x26  
  128  8:20  Queen  
  128  8:22  Zergling x6  
  118  8:30  Zergling x4  
  118  8:33  Zergling x2  
  118  8:34  Zergling x4  
  117  8:37  Baneling x19  
  117  8:39  Zergling x4  
  119  8:42  Drone x2  
  119  8:45  Zergling x4  
  121  8:51  Drone x5  
  125  8:55  Zergling x2  
  125  8:56  Zergling x4  
  125  9:00  Zergling x6  
  119  9:05  Zergling x8  
  111  9:12  Hive  
  106  9:18  Drone x6  
  106  9:19  Drone  
  106  9:22  Baneling x6  
  113  9:28  Zergling x10  
  117  9:34  Baneling x2  
  117  9:35  Baneling x6  
  117  9:37  Baneling x3  
  117  9:38  Burrow  
  117  9:39  Drone x2  
  117  9:40  Drone x2  
  117  9:45  Baneling x7  
  112  9:53  Zergling x20  
  118  10:00  Zergling x18  
  118  10:03  Drone x3  
  118  10:06  Overlord  
  128  10:09  Zergling x10  
  129  10:15  Zergling x12  
  129  10:16  Zergling x2  
  133  10:21  Hydralisk Den, Drone x4  
  133  10:31  Zergling x18  
  128  10:41  Zergling x24  
  139  10:49  Overlord  
  137  10:51  Overseer  
  134  11:01  Hydralisk x11  
  134  11:03  Muscular Augments  
  153  11:12  Baneling x6  
  153  11:13  Drone x6  
  153  11:14  Drone x4  
  153  11:16  Extractor x2  
  153  11:17  Zergling x6  
  163  11:23  Hydralisk, Zergling x10  
  163  11:24  Zergling x2  
  159  11:28  Overlord  
  159  11:32  Overseer  
  155  11:40  Zergling x26  
  163  11:48  Hydralisk  
  163  11:49  Zergling x16  
  163  11:52  Hydralisk, Zergling x4  
  163  11:53  Hydralisk  
  164  11:54  Zergling x4  
  164  11:58  Zergling x2  
  164  11:59  Zergling x8  
  165  12:07  Grooved Spines  
  165  12:08  Baneling x12  
  165  12:09  Drone x3  
  165  12:10  Drone x2  
  165  12:11  Zergling x10  
  174  12:16  Zergling x6  
  171  12:23  Hydralisk  
  171  12:24  Zergling x2, Overseer  
  160  12:30  Hydralisk  
  160  12:31  Zergling x16  
  160  12:34  Overlord  
  166  12:40  Zergling x14  
  166  12:44  Overlord, Zerg Ground Armor Level 3  
  172  12:45  Zerg Missile Weapons Level 1  
  172  12:49  Overlord  
  172  12:54  Baneling x6  
  172  12:55  Drone x3  
  172  12:56  Drone x2  
  172  12:58  Zergling x6  
  180  12:59  Extractor  
  180  13:00  Overlord  
  180  13:04  Zergling x12  
  185  13:08  Baneling x9  
  185  13:14  Overlord  
  185  13:17  Zergling x2  
  185  13:18  Zergling x20  
  196  13:21  Adrenal Glands  
  192  13:38  Zergling x14  
  192  13:39  Baneling  
  192  13:40  Baneling x10  
  198  13:52  Hatchery  
  198  13:55  Zergling x18  
  199  14:08  Hatchery  
  186  14:11  Hydralisk  
  186  14:12  Zergling x30  
  186  14:13  Overlord  
  196  14:20  Hydralisk  
  196  14:21  Zergling x34  
  188  14:27  Hydralisk  
  188  14:28  Zergling x12  
  188  14:31  Infestor x3  
  190  14:36  Baneling x6  
  194  14:40  Drone x6  
  194  14:43  Baneling x13  
  194  14:44  Baneling x8  
  198  14:57  Infestor  
  186  15:00  Zergling x34  
  186  15:04  Pneumatized Carapace  
  186  15:07  Zergling x16  
  196  15:12  Hydralisk  
  196  15:13  Zergling x4  
  196  15:14  Overseer, Hydralisk  
  191  15:15  Zergling x6  
  191  15:16  Zerg Missile Weapons Level 2  
  191  15:21  Hydralisk, Zerg Melee Weapons Level 2, Zergling x4  
  195  15:22  Zergling x2  
  194  15:37  Zergling x2  
  194  15:38  Zergling x18  
  194  15:42  Infestor, Baneling x15  
  198  15:43  Baneling x3  
  198  15:48  Zergling x2  
  198  15:49  Zergling x16  
  188  15:58  Drone x3  
  188  15:59  Drone  
  188  16:00  Hydralisk x5  
  188  16:03  Infestor  
  196  16:15  Hydralisk  
  196  16:16  Zergling x24  
  180  16:42  Hydralisk x2  
  180  16:43  Zergling x38  
  179  16:50  Hydralisk  
  179  16:51  Zergling x2  
  179  16:52  Overseer  
  170  16:57  Hydralisk, Zergling x10  
  170  16:59  Hydralisk  
  159  17:05  Infestor  
  159  17:06  Baneling  
  159  17:07  Zergling x14, Overseer, Baneling x9  
  166  17:14  Hydralisk x2  
  170  17:17  Hatchery  
  170  17:18  Overseer  
  168  17:23  Overseer  
  168  17:26  Hydralisk x3  
  168  17:27  Zergling x20  
  180  17:33  Hydralisk, Zergling x16  
  175  17:41  Queen  
  175  17:42  Hydralisk, Zergling x14  
  181  17:45  Hydralisk  
  181  17:46  Zergling x2  
  181  17:49  Hydralisk, Zergling x4  
  168  17:54  Hydralisk x2  
  168  17:55  Zergling x6  
  168  17:58  Hydralisk  
  155  18:00  Hydralisk  
  155  18:03  Hydralisk x2  
  156  18:09  Drone x2  
  156  18:11  Hydralisk x3  
  156  18:12  Zergling x4  
  158  18:16  Drone x2  
  159  18:25  Zergling x22  
  165  18:36  Zergling x2  
  165  18:37  Zergling x20  
Show
View Real Time Build Order
Export as new Build Order

Clem Terran - Winner!

Build Orders: Reaper Expand, Hellion Banshee 

Get SALT Encoding   

  12  0:00  SCV  
  13  0:12  SCV  
  14  0:17  Supply Depot  
  14  0:24  SCV  
  15  0:38  SCV  
  15  0:40  Barracks  
  16  0:44  Refinery  
  16  0:51  SCV  
  17  1:03  SCV  
  18  1:15  SCV  
  19  1:27  Orbital Command, Reaper  
  20  1:41  Command Center  
  20  1:49  Supply Depot  
  20  1:53  SCV  
  21  1:58  Marine  
  22  2:05  SCV  
  23  2:12  Factory  
  23  2:17  SCV  
  23  2:20  Barracks Reactor  
  24  2:29  SCV  
  25  2:41  SCV  
  25  2:43  Command Center  
  26  2:53  SCV  
  26  2:55  Orbital Command  
  27  3:02  Starport  
  27  3:06  SCV  
  27  3:11  Refinery  
  28  3:16  Hellion  
  28  3:18  SCV  
  31  3:21  Hellion  
  31  3:23  SCV  
  34  3:30  SCV  
  34  3:33  Barracks Tech Lab  
  34  3:35  SCV  
  34  3:38  Hellion  
  36  3:42  SCV, Hellion  
  36  3:47  SCV  
  40  3:54  SCV, Banshee  
  44  3:55  Orbital Command  
  44  3:59  SCV, Cloaking Field  
  45  4:04  Hellion  
  45  4:06  SCV  
  45  4:09  Hellion  
  50  4:12  SCV  
  50  4:13  Barracks Tech Lab  
  51  4:18  SCV  
  51  4:22  SCV  
  51  4:24  SCV  
  54  4:25  Barracks x2  
  54  4:31  SCV  
  55  4:32  Supply Depot  
  55  4:37  Banshee  
  58  4:39  SCV  
  58  4:40  Refinery  
  58  4:42  Stimpack, Marine  
  58  4:45  SCV  
  61  4:49  Engineering Bay  
  61  4:50  Engineering Bay  
  61  4:53  Refinery  
  61  4:54  SCV  
  61  4:55  SCV  
  61  4:56  Factory Reactor  
  61  4:59  SCV  
  64  5:00  Marine  
  65  5:08  SCV, Barracks  
  65  5:09  Barracks  
  65  5:10  Orbital Command  
  65  5:11  SCV  
  67  5:18  Terran Infantry Weapons Level 1  
  67  5:19  Terran Infantry Armor Level 1  
  67  5:20  SCV  
  68  5:24  SCV  
  68  5:27  Supply Depot  
  69  5:29  Starport Reactor  
  69  5:36  Supply Depot  
  69  5:43  Supply Depot  
  69  5:44  SCV x3, Marine x5  
  77  5:55  Siege Tank  
  77  5:56  SCV x3  
  79  6:00  Marine  
  79  6:02  Marine x3  
  79  6:03  Marine  
  79  6:04  Marine  
  78  6:08  SCV x3  
  74  6:14  Medivac  
  76  6:20  SCV  
  76  6:21  Medivac  
  76  6:23  SCV, Barracks Reactor x2  
  76  6:24  SCV  
  80  6:26  Marine x2  
  80  6:29  Marine  
  80  6:32  SCV  
  80  6:34  Marine x2  
  80  6:35  SCV  
  80  6:36  SCV, Supply Depot  
  85  6:43  Marine  
  85  6:45  SCV  
  85  6:46  Siege Tank  
  90  6:47  Marine  
  90  6:48  SCV x2, Supply Depot, Marine  
  90  6:49  Refinery  
  90  6:52  Marine  
  95  6:57  SCV  
  95  6:58  Marine  
  95  7:00  SCV x2  
  99  7:01  Marine x2  
  99  7:02  Marine x3  
  99  7:05  Supply Depot, Marine x2  
  99  7:07  Armory  
  106  7:09  SCV, Marine  
  106  7:12  SCV x2  
  110  7:16  Combat Shield, Marine  
  110  7:19  Siege Tank, Marine x2  
  110  7:21  SCV  
  117  7:24  SCV  
  117  7:26  Marine  
  117  7:27  Marine  
  117  7:28  Marine  
  117  7:29  Marine  
  116  7:30  Marine x2  
  116  7:31  SCV  
  116  7:33  SCV  
  116  7:35  Supply Depot  
  116  7:36  Medivac, Factory  
  120  7:40  SCV, Marine  
  120  7:41  Supply Depot x2, Marine x2  
  124  7:45  Marine  
  124  7:50  SCV, Supply Depot  
  125  7:51  Supply Depot  
  125  7:52  SCV  
  125  7:56  Marine x3  
  128  8:00  Medivac, Siege Tank  
  128  8:02  Marine  
  128  8:03  Supply Depot, Marine x3  
  128  8:04  SCV x2  
  139  8:07  SCV  
  139  8:12  Terran Infantry Weapons Level 2  
  140  8:15  Terran Infantry Armor Level 2  
  140  8:16  SCV  
  140  8:17  Marine  
  140  8:21  Marine  
  140  8:22  Marine x2  
  140  8:24  Marine  
  140  8:27  Factory Reactor  
  135  8:28  Marine x2  
  135  8:31  Medivac, Marine  
  135  8:33  Marine  
  138  8:35  Marine  
  138  8:37  Drilling Claws  
  138  8:38  Command Center  
  138  8:39  Reaper  
  138  8:40  Supply Depot x2, Marine x2  
  142  8:42  SCV x2  
  142  8:44  Widow Mine  
  142  8:48  Medivac, Refinery  
  146  8:49  Marine  
  146  8:54  Marine  
  150  8:57  Marine x2  
  150  9:00  SCV  
  150  9:01  SCV, Medivac  
  150  9:02  SCV  
  146  9:06  Widow Mine, Marine  
  134  9:12  SCV  
  134  9:13  Widow Mine  
  134  9:15  Widow Mine, Marine x2  
  134  9:16  Marine  
  131  9:18  Medivac  
  131  9:22  Marine x3  
  136  9:27  Widow Mine  
  137  9:31  Command Center  
  137  9:34  Widow Mine  
  137  9:35  Marine x3  
  141  9:42  Sensor Tower  
  141  9:44  Widow Mine, Marine x2  
  141  9:45  Marine x2  
  147  9:47  Marauder  
  147  9:52  Widow Mine  
  147  9:54  Marine  
  147  9:56  Medivac  
  147  9:58  Widow Mine, Marine  
  153  10:01  Marine  
  153  10:02  Marine x3  
  153  10:03  Marine  
  158  10:11  Barracks  
  158  10:13  Barracks  
  158  10:14  Barracks  
  158  10:16  SCV  
  158  10:19  Marine  
  158  10:20  Widow Mine  
  158  10:21  Widow Mine, Marauder  
  165  10:27  Widow Mine  
  167  10:35  Medivac, Marine  
  167  10:37  Terran Infantry Weapons Level 3, Terran Infantry Armor Level 3  
  167  10:40  Marine  
  167  10:41  Widow Mine, Marine  
  167  10:42  Widow Mine, Marine  
  174  10:43  Marine  
  174  10:47  SCV  
  174  10:48  Widow Mine  
  174  10:49  SCV  
  179  10:51  SCV  
  179  10:53  Sensor Tower  
  179  10:54  Marine  
  179  10:55  Marine  
  182  11:01  Marine x3  
  182  11:02  SCV, Widow Mine, Marine  
  182  11:03  SCV  
  182  11:04  Widow Mine, Planetary Fortress  
  189  11:06  Marine  
  189  11:09  Widow Mine  
  189  11:10  Ghost Academy  
  192  11:15  Marine  
  192  11:16  Marine  
  194  11:20  Barracks Tech Lab  
  194  11:24  Widow Mine  
  194  11:25  Medivac  
  192  11:26  Widow Mine  
  192  11:29  Marine  
  192  11:30  Marine  
  192  11:31  Widow Mine  
  183  11:40  Marine x2  
  183  11:41  Marine  
  183  11:44  Barracks Tech Lab, Missile Turret, Marauder x2  
  183  11:45  Widow Mine  
  191  11:47  Medivac  
  191  11:52  Widow Mine  
  177  11:54  Widow Mine  
  177  11:55  Marine x2  
  177  11:56  Marine  
  170  12:04  Ghost x2, Command Center  
  170  12:08  Refinery  
  172  12:14  Widow Mine, Ghost  
  175  12:21  Marine  
  168  12:24  Widow Mine  
  168  12:25  Marine  
  168  12:27  Widow Mine  
  153  12:32  Marine x2  
  153  12:33  Ghost x2  
  153  12:34  Barracks Tech Lab, Marine x4  
  153  12:36  Widow Mine  
  164  12:40  Terran Vehicle And Ship Armor Level 1, Marine  
  164  12:43  Ghost, Marine  
  162  12:45  Widow Mine  
  162  12:48  Widow Mine  
  162  12:50  Marine x2  
  168  12:52  Marine  
  168  12:57  Widow Mine  
  171  13:01  Ghost x3, Marine  
  171  13:03  Marine x2  
  180  13:07  Widow Mine  
  180  13:08  Sensor Tower, Missile Turret  
  180  13:09  Widow Mine  
  180  13:11  Command Center  
  180  13:12  Marine  
  185  13:13  Marine  
  185  13:14  Marine x2  
  185  13:19  Widow Mine  
  190  13:24  Sensor Tower  
  190  13:25  Missile Turret  
  190  13:28  Widow Mine, Marauder  
  190  13:30  Marauder  
  190  13:31  Widow Mine  
  191  13:35  Ghost  
  191  13:38  Planetary Fortress  
  191  13:40  Widow Mine  
  195  13:49  Widow Mine  
  195  13:52  Widow Mine  
  199  13:58  Refinery  
  199  13:59  Refinery  
  199  14:00  Command Center  
  199  14:09  Widow Mine  
  195  14:14  Widow Mine, Marine x2  
  195  14:15  SCV  
  195  14:16  SCV  
  188  14:19  Widow Mine  
  188  14:20  SCV  
  188  14:22  Ghost  
  177  14:28  Liberator x2  
  177  14:30  Orbital Command  
  177  14:31  Widow Mine, Marine, Marauder x2  
  187  14:32  Marine  
  187  14:35  Neosteel Armor, Terran Vehicle And Ship Armor Level 2  
  187  14:37  Widow Mine  
  190  14:38  SCV  
  190  14:39  SCV  
  190  14:41  SCV  
  190  14:45  SCV  
  193  14:50  Widow Mine  
  195  14:53  Widow Mine, Marine x2  
  195  14:57  Marine x2  
  195  14:59  SCV x2  
  190  15:02  Widow Mine, Marine  
  190  15:03  Marine  
  190  15:05  SCV  
  190  15:11  Medivac  
  187  15:18  Command Center  
  187  15:22  Liberator  
  187  15:27  Marine  
  187  15:28  Widow Mine  
  193  15:31  Ghost  
  193  15:33  Widow Mine  
  197  15:38  Ghost  
  197  15:39  Ghost  
  197  15:42  Marine  
  190  15:48  Ghost  
  190  15:49  Planetary Fortress  
  190  15:55  Widow Mine  
  188  15:59  Widow Mine, Ghost  
  188  16:00  Liberator  
  188  16:01  Marine  
  188  16:03  Marine x2  
  198  16:08  Marine x2  
  200  16:13  Liberator  
  197  16:25  SCV x3  
  200  16:27  Starport  
  200  16:28  Fusion Core  
  200  16:39  Widow Mine  
  194  16:42  Liberator  
  194  16:44  Ghost x2  
  194  16:46  Widow Mine, Marine x2  
  165  16:47  Marine x2  
  165  16:48  Marine x2  
  165  16:50  Marine  
  165  16:52  Widow Mine  
  170  16:54  Marine  
  170  16:55  Marine  
  170  16:56  Medivac  
  170  16:57  Marine  
  173  17:04  Marine x2  
  175  17:12  Liberator, Ghost  
  180  17:17  Advanced Ballistics  
  180  17:25  Liberator x2, Ghost  
  180  17:27  Ghost  
  188  17:30  Ghost  
  188  17:36  Marine x2  
  188  17:37  Widow Mine, Marine x2  
  185  17:38  Marine  
  185  17:40  Widow Mine  
  185  17:41  Marine x2  
  192  17:44  Marine  
  192  17:46  Marine  
  182  17:53  SCV, Ghost  
  182  17:55  SCV x2, Liberator  
  182  17:56  Marine  
  182  17:57  Marine  
  185  17:59  Widow Mine  
  185  18:04  SCV  
  181  18:08  Liberator  
  181  18:12  Planetary Fortress  
  184  18:14  Sensor Tower, Missile Turret  
  184  18:15  Liberator  
  184  18:17  SCV  
  184  18:19  SCV  
  189  18:22  SCV  
  189  18:23  Widow Mine  
  189  18:24  Widow Mine  
  194  18:28  Marine  
  194  18:30  Ghost  
  195  18:46  Starport Reactor  
  195  18:47  Refinery  
Tags
 
Add a new tag
Caveats
  • Supply blocks, unpowered buildings, or Contaminate may cause inaccurate times.
  • Supply counts are checked every 10 seconds.